| TOP OF THE 1ST |
|
Round Rock Express batting - Pitching for Buffalo Bisons : LHP Jon Sosa
|
|
Pitching: LHP Jon Sosa
|
|
|
Batting: RHB Joe Kemp
|
0-0: Called Strike 0-1: Ball 1-1: Ball 2-1: Ball 3-1: Ground out 4-3 (Groundball, 34D, EV 105.6 MPH)
|
|
Batting: RHB Rodolfo Contreras
|
0-0: Ball 1-0: Ball 2-0: SOLO HOME RUN (Flyball, 78XD, EV 99.4 MPH), Distance : 403 ft
|
|
Batting: SHB David Simpson
|
0-0: Swinging Strike 0-1: Foul Ball, location: 2F 0-2: Ball 1-2: Ball 2-2: SINGLE (Groundball, 6MD, EV 106.9 MPH)
|
|
Batting: RHB Ernie Weathersbee
|
0-0: Called Strike 0-1: Swinging Strike 0-2: Ball 1-2: Ball 2-2: Foul Ball, location: 2F 2-2: Strikes out swinging
|
|
Batting: RHB Jason Keller
|
0-0: Ball 1-0: Ball 2-0: Foul Ball, location: 2F 2-1: Foul Ball, location: 2F 2-2: Ball 3-2: Foul Ball, location: 2F 3-2: Ground out U3 (Groundball, 3, EV 108.1 MPH)
|
| Top of the 1st over - 1 run, 2 hits, 0 errors, 1 left on base; Round Rock 1 - Buffalo 0 |
| BOTTOM OF THE 1ST |
|
Buffalo Bisons batting - Pitching for Round Rock Express : RHP Matt Stutzman
|
|
Pitching: RHP Matt Stutzman
|
|
|
Batting: RHB Finn Ross
|
0-0: Ball 1-0: Ball 2-0: Ball 3-0: Base on Balls
|
|
Batting: RHB John Michener
|
0-0: Ball 1-0: Called Strike 1-1: Called Strike 1-2: Foul Ball, location: 2F 1-2: SINGLE (Line Drive, 78S, EV 86.9 MPH) Finn Ross to second
|
|
Batting: RHB Jordan Fairburn
|
0-0: Ball Finn Ross steals 3rd base 1-0: Called Strike 1-1: Called Strike 1-2: Ball 2-2: Strikes out looking
|
|
Batting: RHB Danny Heyer
|
0-0: Called Strike 0-1: Ball 1-1: Foul Ball, location: 2F 1-2: Foul Ball, location: 2F 1-2: Ball 2-2: Ball 3-2: SINGLE (Line Drive, 3D, EV 95.0 MPH) Finn Ross scores John Michener to second Runner from 2nd tries for 3rd, SAFE, throw by RF made to third
|
|
Batting: RHB Jorge Baret
|
0-0: Called Strike Danny Heyer steals 2nd base 0-1: Ball 1-1: Foul Ball, location: 2F 1-2: Fly out, F8 (Flyball, 8RD, EV 90.6 MPH) Runner from 3rd tags up, SCORES, throw by CF Danny Heyer to third
|
|
Batting: RHB Cyril Husson
|
0-0: Ground out 1-3 (Groundball, P, EV 64.4 MPH)
|
| Bottom of the 1st over - 2 runs, 2 hits, 0 errors, 1 left on base; Round Rock 1 - Buffalo 2 |
| TOP OF THE 2ND |
|
Round Rock Express batting - Pitching for Buffalo Bisons : LHP Jon Sosa
|
|
Batting: RHB Bobby Keithley
|
0-0: Bunt for hit to 5S - play at first, batter OUT! 5-3
|
|
Batting: RHB Ivan Colon
|
0-0: Called Strike 0-1: Foul Ball, location: 2F 0-2: Ball 1-2: Ball 2-2: Ball 3-2: Foul Ball, location: 2F 3-2: Base on Balls
|
|
Batting: RHB Carlos Lopez
|
0-0: Foul Ball, location: 2F 0-1: Swinging Strike 0-2: Fly out, F8 (Flyball, 8LD, EV 103.1 MPH)
|
|
Batting: SHB Greg Prime
|
0-0: Ball 1-0: Ball 2-0: Foul Ball, location: 2F 2-1: Foul Ball, location: 2F 2-2: Strikes out swinging
|
| Top of the 2nd over - 0 runs, 0 hits, 0 errors, 1 left on base; Round Rock 1 - Buffalo 2 |
| BOTTOM OF THE 2ND |
|
Buffalo Bisons batting - Pitching for Round Rock Express : RHP Matt Stutzman
|
|
Batting: RHB Darren McCarty Jr.
|
0-0: Swinging Strike 0-1: Swinging Strike 0-2: Ball 1-2: Foul Ball, location: 2F 1-2: Ball 2-2: Strikes out looking
|
|
Batting: RHB Jon Aguilar
|
0-0: Called Strike 0-1: Swinging Strike 0-2: Ball 1-2: Ball 2-2: Ground out 5-3 (Groundball, 56, EV 86.2 MPH)
|
|
Batting: RHB Kyle Davis
|
0-0: Foul Ball, location: 2F 0-1: Ball 1-1: Swinging Strike 1-2: Ball 2-2: Ground out 4-3 (Groundball, 4, EV 78.8 MPH)
|
| Bottom of the 2nd over - 0 runs, 0 hits, 0 errors, 0 left on base; Round Rock 1 - Buffalo 2 |
| TOP OF THE 3RD |
|
Round Rock Express batting - Pitching for Buffalo Bisons : LHP Jon Sosa
|
|
Batting: RHB Joe Kemp
|
0-0: Called Strike 0-1: Ground out 4-3 (Groundball, 4, EV 103.1 MPH)
|
|
Batting: RHB Rodolfo Contreras
|
0-0: Ball 1-0: Swinging Strike 1-1: Ball 2-1: Swinging Strike 2-2: Strikes out swinging
|
|
Batting: SHB David Simpson
|
0-0: Ball 1-0: Called Strike 1-1: Foul Ball, location: 2F 1-2: Ball 2-2: Strikes out looking
|
| Top of the 3rd over - 0 runs, 0 hits, 0 errors, 0 left on base; Round Rock 1 - Buffalo 2 |
| BOTTOM OF THE 3RD |
|
Buffalo Bisons batting - Pitching for Round Rock Express : RHP Matt Stutzman
|
|
Batting: RHB Finn Ross
|
0-0: Foul Ball, location: 2F 0-1: Fly out, F8 (Flyball, 8RD, EV 95.0 MPH)
|
|
Batting: RHB John Michener
|
0-0: Ball 1-0: Ball 2-0: Called Strike 2-1: Foul Ball, location: 2F 2-2: Ground out 5-3 (Groundball, 56, EV 88.8 MPH)
|
|
Batting: RHB Jordan Fairburn
|
0-0: Ground out 4-3 (Groundball, 4, EV 86.9 MPH)
|
| Bottom of the 3rd over - 0 runs, 0 hits, 0 errors, 0 left on base; Round Rock 1 - Buffalo 2 |
| TOP OF THE 4TH |
|
Round Rock Express batting - Pitching for Buffalo Bisons : LHP Jon Sosa
|
|
Batting: RHB Ernie Weathersbee
|
0-0: Fly out, F7 (Flyball, 78M, EV 88.8 MPH)
|
|
Batting: RHB Jason Keller
|
0-0: Called Strike 0-1: Ball 1-1: Ball 2-1: Ball 3-1: Base on Balls
|
|
Batting: RHB Bobby Keithley
|
0-0: Ball Wild Pitch! Jason Keller to second 1-0: Foul Ball, location: 2F 1-1: Foul Ball, location: 2F 1-2: Ball 2-2: Ball 3-2: Ground out 4-3 (Groundball, 4, EV 90.6 MPH) Jason Keller to third
|
|
Batting: RHB Ivan Colon
|
0-0: Ball 1-0: Called Strike 1-1: Fly out, F9 (Flyball, 89M, EV 80.6 MPH)
|
| Top of the 4th over - 0 runs, 0 hits, 0 errors, 1 left on base; Round Rock 1 - Buffalo 2 |
| BOTTOM OF THE 4TH |
|
Buffalo Bisons batting - Pitching for Round Rock Express : RHP Matt Stutzman
|
|
Batting: RHB Danny Heyer
|
0-0: SINGLE (Groundball, 56D, EV 94.4 MPH)
|
|
Batting: RHB Jorge Baret
|
0-0: SINGLE (Groundball, 5S, EV 73.1 MPH) (infield hit) Danny Heyer to second
|
|
Batting: RHB Cyril Husson
|
0-0: Swinging Strike 0-1: Swinging Strike 0-2: Foul Ball, location: 2F 0-2: Ball Wild Pitch! Danny Heyer to third Jorge Baret to second 1-2: Foul Ball, location: 2F 1-2: Strikes out swinging
|
|
Batting: RHB Darren McCarty Jr.
|
0-0: Foul Ball, location: 2F 0-1: Ball 1-1: Foul Ball, location: 2F 1-2: Strikes out swinging
|
|
Batting: RHB Jon Aguilar
|
0-0: Swinging Strike 0-1: Ball 1-1: Ball 2-1: Foul Ball, location: 2F 2-2: Strikes out swinging
|
| Bottom of the 4th over - 0 runs, 2 hits, 0 errors, 2 left on base; Round Rock 1 - Buffalo 2 |
| TOP OF THE 5TH |
|
Round Rock Express batting - Pitching for Buffalo Bisons : LHP Jon Sosa
|
|
Batting: RHB Carlos Lopez
|
0-0: Called Strike 0-1: Swinging Strike 0-2: Ball 1-2: Strikes out looking
|
|
Batting: SHB Greg Prime
|
0-0: Called Strike 0-1: Swinging Strike 0-2: Ball 1-2: Ball 2-2: Strikes out swinging
|
|
Batting: RHB Joe Kemp
|
0-0: Ground out 6-3 (Groundball, 6, EV 103.1 MPH)
|
| Top of the 5th over - 0 runs, 0 hits, 0 errors, 0 left on base; Round Rock 1 - Buffalo 2 |
| BOTTOM OF THE 5TH |
|
Buffalo Bisons batting - Pitching for Round Rock Express : RHP Matt Stutzman
|
|
Batting: RHB Kyle Davis
|
0-0: Foul Ball, location: 2F 0-1: Foul Ball, location: 2F 0-2: Ball 1-2: Foul Ball, location: 2F 1-2: Ball 2-2: Ball 3-2: Base on Balls
|
|
Batting: RHB Finn Ross
|
0-0: Fielders Choice at 2nd, 1-4 (Groundball, 15S, EV 75.6 MPH)
|
|
Batting: RHB John Michener
|
0-0: Swinging Strike 0-1: Swinging Strike 0-2: Fly out, F3 (Popup, 3SF, EV 78.1 MPH)
|
|
Batting: RHB Jordan Fairburn
|
0-0: Ball 1-0: Ball 2-0: Ball 3-0: Base on Balls Finn Ross to second
|
|
Batting: RHB Danny Heyer
|
0-0: Fly out, F8 (Flyball, 8RS, EV 87.5 MPH)
|
| Bottom of the 5th over - 0 runs, 0 hits, 0 errors, 2 left on base; Round Rock 1 - Buffalo 2 |
| TOP OF THE 6TH |
|
Round Rock Express batting - Pitching for Buffalo Bisons : LHP Jon Sosa
|
|
Batting: RHB Rodolfo Contreras
|
0-0: Called Strike 0-1: Fly out, F5 (Popup, 25F, EV 87.5 MPH)
|
|
Batting: SHB David Simpson
|
0-0: Called Strike 0-1: Ball 1-1: Ground out 5-3 (Groundball, 56S, EV 76.9 MPH)
|
|
Batting: RHB Ernie Weathersbee
|
0-0: Ball 1-0: Swinging Strike 1-1: Foul Ball, location: 2F 1-2: Strikes out swinging
|
| Top of the 6th over - 0 runs, 0 hits, 0 errors, 0 left on base; Round Rock 1 - Buffalo 2 |
| BOTTOM OF THE 6TH |
|
Buffalo Bisons batting - Pitching for Round Rock Express : RHP Matt Stutzman
|
|
Batting: RHB Jorge Baret
|
0-0: Ball 1-0: Ball 2-0: Ground out 5-3 (Groundball, 56, EV 105.0 MPH)
|
|
Batting: RHB Cyril Husson
|
0-0: Ball 1-0: Ball 2-0: Foul Ball, location: 2F 2-1: SINGLE (Line Drive, 8LS, EV 88.1 MPH)
|
|
Batting: RHB Darren McCarty Jr.
|
0-0: Called Strike 0-1: Ball Cyril Husson steals 2nd base 1-1: Swinging Strike 1-2: Foul Ball, location: 2F 1-2: Ball 2-2: Foul Ball, location: 2F 2-2: Strikes out swinging
|
|
Batting: RHB Jon Aguilar
|
0-0: Ball 1-0: Ball 2-0: Ball 3-0: Called Strike 3-1: Called Strike 3-2: Fly out, F4 (Popup, 4, EV 73.8 MPH)
|
| Bottom of the 6th over - 0 runs, 1 hit, 0 errors, 1 left on base; Round Rock 1 - Buffalo 2 |
| TOP OF THE 7TH |
|
Round Rock Express batting - Pitching for Buffalo Bisons : LHP Jon Sosa
|
|
Batting: RHB Jason Keller
|
0-0: Ball 1-0: Fly out, F8 (Line Drive, 78M, EV 91.9 MPH)
|
|
Batting: RHB Bobby Keithley
|
0-0: Ball 1-0: Ball 2-0: Called Strike 2-1: Ball 3-1: Base on Balls
|
|
Batting: RHB Ivan Colon
|
0-0: Called Strike 0-1: Ball 1-1: Called Strike 1-2: Foul Ball, location: 2F 1-2: Foul Ball, location: 2F 1-2: Ball 2-2: Foul Ball, location: 2F 2-2: Grounds into double play, 6-4-3 (Groundball, 6, EV 100.0 MPH)
|
| Top of the 7th over - 0 runs, 0 hits, 0 errors, 0 left on base; Round Rock 1 - Buffalo 2 |
| BOTTOM OF THE 7TH |
|
Buffalo Bisons batting - Pitching for Round Rock Express : RHP Matt Stutzman
|
|
Batting: RHB Kyle Davis
|
0-0: Ball 1-0: Ball 2-0: Called Strike 2-1: SINGLE (Line Drive, 78S, EV 105.0 MPH)
|
|
Pitching: LHP Harry Tuckfard
|
|
|
Batting: RHB Finn Ross
|
0-0: Ball 1-0: Bunt missed! 1-1: Bunt missed! 1-2: Fly out, F9 (Flyball, 89D, EV 95.6 MPH)
|
|
Batting: RHB John Michener
|
0-0: Ball 1-0: Ball 2-0: Foul Ball, location: 2F 2-1: Swinging Strike 2-2: Ball 3-2: Ground out U3 (Groundball, 34, EV 100.0 MPH) Kyle Davis to second
|
|
Batting: RHB Jordan Fairburn
|
0-0: Ball 1-0: Ball 2-0: Called Strike 2-1: Ball 3-1: Foul Ball, location: 2F 3-2: Ground out 6-3 (Groundball, 6, EV 85.6 MPH)
|
| Bottom of the 7th over - 0 runs, 1 hit, 0 errors, 1 left on base; Round Rock 1 - Buffalo 2 |
| TOP OF THE 8TH |
|
Round Rock Express batting - Pitching for Buffalo Bisons : LHP Jon Sosa
|
|
Pitching: LHP Julio Gonzalez
|
|
|
Batting: RHB Carlos Lopez
|
0-0: Swinging Strike 0-1: Called Strike 0-2: Strikes out swinging
|
|
Batting: SHB Greg Prime
|
0-0: Called Strike 0-1: Ball 1-1: Called Strike 1-2: Foul Ball, location: 2F 1-2: Ground out 4-3 (Groundball, 34, EV 88.8 MPH)
|
|
Batting: RHB Joe Kemp
|
0-0: Ball 1-0: Ball 2-0: SINGLE (Groundball, 6M, EV 103.8 MPH)
|
|
Batting: RHB Rodolfo Contreras
|
0-0: Called Strike 0-1: Ball 1-1: Foul Ball, location: 2F 1-2: Ball 2-2: Foul Ball, location: 2F 2-2: Strikes out swinging
|
| Top of the 8th over - 0 runs, 1 hit, 0 errors, 1 left on base; Round Rock 1 - Buffalo 2 |
| BOTTOM OF THE 8TH |
|
Buffalo Bisons batting - Pitching for Round Rock Express : LHP Harry Tuckfard
|
|
Batting: RHB Danny Heyer
|
0-0: Ball 1-0: Foul Ball, location: 2F 1-1: Foul Ball, location: 2F 1-2: Ball 2-2: Foul Ball, location: 2F 2-2: Foul Ball, location: 2F 2-2: Strikes out swinging
|
|
Batting: RHB Jorge Baret
|
0-0: Ball 1-0: Ball 2-0: Ball 3-0: Called Strike 3-1: Swinging Strike 3-2: Base on Balls
|
|
Batting: RHB Cyril Husson
|
0-0: Called Strike 0-1: Fly out, F3 (Popup, 3S, EV 70.0 MPH)
|
|
Batting: RHB Darren McCarty Jr.
|
0-0: Ball 1-0: Called Strike 1-1: Fielders Choice at 2nd, 5-4 (Groundball, 56, EV 87.5 MPH)
|
| Bottom of the 8th over - 0 runs, 0 hits, 0 errors, 1 left on base; Round Rock 1 - Buffalo 2 |
| TOP OF THE 9TH |
|
Round Rock Express batting - Pitching for Buffalo Bisons : LHP Julio Gonzalez
|
|
Pitching: LHP Mario Amore
|
|
|
Batting: SHB David Simpson
|
0-0: Ground out 1-3 (Groundball, 13S, EV 67.5 MPH)
|
|
Batting: RHB Ernie Weathersbee
|
0-0: Called Strike 0-1: Ball 1-1: Swinging Strike 1-2: Ball 2-2: Foul Ball, location: 2F 2-2: Strikes out swinging
|
|
Batting: RHB Jason Keller
|
0-0: Foul Ball, location: 2F 0-1: Swinging Strike 0-2: Strikes out swinging, 2-3 out at first.
|
| Top of the 9th over - 0 runs, 0 hits, 0 errors, 0 left on base; Round Rock 1 - Buffalo 2 |
|